 Dungeon Crawl Stone Soup version 0.26-b1-32-g5d43845318 (webtiles) character file.

Game seed: 18053556349290320012

6458 DearestLeader the Cleaver (level 10, -2/86 HPs)
             Began as a Minotaur Gladiator on Jan 5, 2021.
             Was a High Priest of Okawaru.
             Killed from afar by an electric eel (4 damage)
             ... with a bolt of electricity
             ... while petrified by a basilisk
             ... on level 1 of the Lair of Beasts.
             The game lasted 00:17:52 (8658 turns).

DearestLeader the Cleaver (Minotaur Gladiator)      Turns: 8658, Time: 00:17:53

Health: -2/86      AC: 12    Str: 22    XL:     10   Next: 67%
Magic:  12/12      EV:  2    Int:  5    God:    Okawaru [*****.]
Gold:   201        SH:  0    Dex: 12    Spells: 9/9 levels left

rFire    . . .     SeeInvis .   C - +2 flail (drain)
rCold    . . .     Faith    .   (no shield)
rNeg     + + +     Spirit   .   t - +0 chain mail "Goqobler" {*Contam Regen+ Stlth+}
rPois    ∞         Reflect  .   c - +0 hat
rElec    .         Harm     .   (no cloak)
rCorr    .         Rampage  .   H - +0 pair of gloves
Will     .....                  (no boots)
Stlth    ..........             A - amulet of regeneration
HPRegen  1.04/turn              m - +4 ring of evasion
MPRegen  0.13/turn              (no ring)

@: petrified
A: retaliatory headbutt, horns 2
a: Renounce Religion, Heroism, Finesse


You were on level 1 of the Lair of Beasts.
You worshipped Okawaru.
Okawaru was extremely pleased with you.
You visited 3 branches of the dungeon, and saw 11 of its levels.

You collected 609 gold pieces.
You spent 408 gold pieces at shops.

Inventory:

Hand Weapons
 a - a +0 war axe
 k - a +1 morningstar of protection
 C - a +2 flail of draining (weapon)
 L - a +5 vorpal hunting sling
Missiles
 d - 5 throwing nets
 s - 2 javelins (quivered)
 x - 7 atropa-tipped darts
 y - 15 sling bullets
Armour
 c - a +0 hat (worn)
 t - the +0 chain mail "Goqobler" (worn) {*Contam Regen+ Stlth+}
   (You found it on level 4 of the Dungeon)

   It causes magical contamination when unequipped.
   It increases your rate of regeneration.
   It makes you more stealthy.
 H - a +0 pair of gloves (worn)
Jewellery
 m - a +4 ring of evasion (left hand)
 A - an amulet of regeneration (around neck)
 M - an uncursed ring of ice
Wands
 u - a wand of flame (20)
 G - a wand of iceblast (6)
 I - a wand of enslavement (4)
Scrolls
 e - 3 scrolls of amnesia
 i - 3 scrolls of magic mapping
 j - a scroll of fog
 n - 2 scrolls of teleportation
 v - a scroll of fear
 E - a scroll of enchant armour {unknown}
 F - a scroll of remove curse
 J - a scroll of random uselessness {unknown}
 K - 2 scrolls of enchant weapon {unknown}
Potions
 b - a potion of invisibility {unknown}
 f - 5 potions of haste
 g - 2 potions of brilliance
 h - a potion of berserk rage
 l - a potion of lignification
 o - 4 potions of curing
 q - a potion of mutation
 r - a potion of flight {unknown}
 w - 2 potions of ambrosia {unknown}
 z - a potion of cancellation {unknown}
 D - a potion of heal wounds


   Skills:
 + Level 7.3 Fighting
 * Level 13.5 Axes
 * Level 3.8(4.1) Slings
 - Level 2.0(3.0) Throwing
 + Level 9.3 Armour
 - Level 3.2 Dodging
 + Level 5.0 Invocations


You had 9 spell levels left.
You didn't know any spells.
Your spell library contained the following spells:

 Spells                   Type           Power        Failure   Level
 Animate Skeleton         Necr           0%           98%         1
 Apportation              Tloc           0%           98%         1
 Corona                   Hex            0%           98%         1
 Magic Dart               Conj           0%           98%         1
 Summon Small Mammal      Summ           0%           98%         1
 Searing Ray              Conj           0%           99%         2
 Confusing Touch          Hex            0%           100%        3
 Dazzling Flash           Conj/Hex       0%           100%        3
 Gell's Gravitas          Tloc           0%           100%        3
 Fulminant Prism          Conj/Hex       0%           100%        4
 Iskenderun's Mystic Bla  Conj/Tloc      0%           100%        4
 Petrify                  Tmut/Erth      0%           100%        4
 Metabolic Englaciation   Hex/Ice        0%           100%        5
 Yara's Violent Unravell  Hex/Tmut       0%           100%        5


Dungeon Overview and Level Annotations

Branches:
Dungeon (9/15)             Temple (1/1) D:6            Lair (1/6) D:8
    Orc: D:9-12

Altars:
Ashenzari
Cheibriados
Elyvilon
Fedhas
Gozag
Hepliaklqana
Kikubaaqudgha
Makhleb
Nemelex Xobeh
Okawaru
Qazlal
Sif Muna
Trog
Uskayaw
Vehumet
Wu Jian
Xom
Yredelemnul
Zin

Shops:
D:8 (

Annotations:
D:7 2 transporters, oldnick's ghost, novice TrMo


Innate Abilities, Weirdness & Mutations

You reflexively headbutt those who attack you in melee.
You have a pair of horns on your head.


Message History

* * * LOW HITPOINT WARNING * * *
The electric eel shoots out a bolt of lightning at you!
The bolt of electricity hits you!
* * * LOW HITPOINT WARNING * * *
The electric eel shoots out a bolt of lightning at you!
The bolt of electricity hits you!
* * * LOW HITPOINT WARNING * * *
The electric eel shoots out a bolt of lightning at you!
The bolt of electricity hits you!
* * * LOW HITPOINT WARNING * * *
The electric eel shoots out a bolt of lightning at you!
The bolt of electricity hits the electric eel.
The electric eel completely resists.
The bolt of electricity hits you.
* * * LOW HITPOINT WARNING * * *
The electric eel shoots out a bolt of lightning at you!
The bolt of electricity hits you!
* * * LOW HITPOINT WARNING * * *
The electric eel shoots out a bolt of lightning at you!
The bolt of electricity hits you!
You die...

......≈≈≈l.≈≈≈...
.......;;;≈≈≈....
........;.......(
.................
.................
.................
.................
.................
........@........
#.......................
#.......................
#.............".........
#.......................
#......................
#......................
#....................>.
#.....<...............


You could see 4 electric eels.

Vanquished Creatures
  Pikel (D:8)
  A black mamba (Lair:1)
  A komodo dragon (D:8)
  A troll (D:9)
  2 slime creatures (D:9)
  3 yaks (D:9)
  A steam dragon (D:8)
  Grum (D:8)
  An orc warrior (D:7)
  2 ice beasts
  4 sky beasts
  2 black bears
  2 phantoms
  3 ogres
  3 wolves
  A centaur (D:8)
  2 lemures (D:8)
  2 big kobolds (D:6)
  A gnoll sergeant (D:6)
  A bullfrog (D:6)
  8 killer bees (D:9)
  3 wights (D:7)
  3 howler monkeys
  A bullfrog zombie (D:7)
  8 hounds
  A jelly (D:8)
  2 centaur skeletons (D:5)
  11 orc priests
  10 orc wizards
  3 iguanas
  4 worker ants
  2 hound zombies
  A howler monkey skeleton (D:7)
  12 gnolls
  9 adders
  A shadow imp (D:9)
  A white imp (D:7)
  3 ufetubi
  3 adder zombies
  2 worms
  5 dart slugs
  4 leopard geckos
  39 orcs
  5 giant cockroaches
  6 goblins
  13 hobgoblins
  4 jackals
  4 quokkas
  8 bats
  5 frilled lizards
  18 kobolds
  A quokka skeleton (D:9)
  4 rats
239 creatures vanquished.

Vanquished Creatures (others)
  70 plants
70 creatures vanquished.

Grand Total: 309 creatures vanquished

Notes
Turn   | Place    | Note
-------+----------+-------------------------------------------
     0 | D:1      | DearestLeader the Minotaur Gladiator began the quest for
                  | the Orb.
     0 | D:1      | Reached XP level 1. HP: 18/18 MP: 0/0
   194 | D:1      | Reached skill level 4 in Axes
   266 | D:1      | Reached XP level 2. HP: 10/25 MP: 1/1
  1136 | D:2      | Reached skill level 5 in Axes
  1148 | D:2      | Reached XP level 3. HP: 30/30 MP: 2/2
  1156 | D:2      | Reached skill level 1 in Armour
  1411 | D:2      | Reached XP level 4. HP: 19/37 MP: 3/3
  1568 | D:2      | Found a faded altar of an unknown god.
  2340 | D:3      | Reached skill level 6 in Axes
  2349 | D:3      | Reached XP level 5. HP: 36/42 MP: 4/4
  3502 | D:4      | Reached skill level 7 in Axes
  4134 | D:4      | Reached XP level 6. HP: 41/50 MP: 5/5
  4209 | D:4      | Got a brightly glowing chain mail
  4219 | D:4      | Identified the +0 chain mail "Goqobler" {*Contam Regen+
                  | Stlth+} (You found it on level 4 of the Dungeon)
  4362 | D:5      | Entered Level 5 of the Dungeon
  4503 | D:5      | Reached skill level 8 in Axes
  4602 | D:5      | Noticed an ice beast
  4610 | D:5      | Killed an ice beast
  4611 | D:5      | Reached XP level 7. HP: 43/56 MP: 6/6
  4864 | D:5      | Reached skill level 5 in Armour
  4914 | D:5      | Reached skill level 9 in Axes
  5185 | D:6      | Found a staircase to the Ecumenical Temple.
  5192 | Temple   | Entered the Ecumenical Temple
  5329 | Temple   | Became a worshipper of Warmaster Okawaru
  5482 | D:6      | Found a shimmering altar of Xom.
  5584 | D:6      | Reached skill level 10 in Axes
  5584 | D:6      | Reached XP level 8. HP: 51/62 MP: 7/7
  6208 | D:6      | Reached * piety under Okawaru
  6371 | D:6      | Reached skill level 11 in Axes
  6448 | D:6      | Reached skill level 1 in Invocations
  6530 | D:6      | Reached XP level 9. HP: 58/72 MP: 9/9
  6778 | D:7      | Found a transporter.
  6778 | D:7      | Found a transporter.
  6778 | D:7      | Noticed oldnick's ghost (novice TrMo)
  6791 | D:7      | Reached ** piety under Okawaru
  6971 | D:7      | Reached skill level 5 in Fighting
  7295 | D:8      | Noticed Grum
  7300 | D:8      | Reached skill level 12 in Axes
  7348 | D:8      | Killed Grum
  7361 | D:7      | Reached *** piety under Okawaru
  7385 | D:8      | Noticed Pikel
  7417 | D:8      | Killed Pikel
  7471 | D:8      | Reached XP level 10. HP: 65/84 MP: 12/12
  7560 | D:8      | Found a glowing silver altar of Zin.
  7689 | D:8      | Found a staircase to the Lair.
  7810 | D:8      | Found Befiwnud's Weapon Shop.
  7813 | D:8      | Bought a +5 vorpal hunting sling for 408 gold pieces
  8030 | D:9      | Reached **** piety under Okawaru
  8041 | D:9      | Reached skill level 13 in Axes
  8041 | D:9      | Reached skill level 1 in Slings
  8443 | D:9      | Noticed a white ugly thing
  8460 | D:9      | Paralysed by a hornet for 3 turns
  8564 | Lair:1   | Entered Level 1 of the Lair of Beasts
  8567 | Lair:1   | Noticed a black mamba
  8579 | Lair:1   | Killed a black mamba
  8579 | Lair:1   | Reached ***** piety under Okawaru
  8580 | Lair:1   | Reached skill level 5 in Invocations
  8657 | Lair:1   | HP: 1/86 [electric eel/bolt of electricity (6)]
  8658 | Lair:1   | Killed from afar by an electric eel

Illustrated notes

Levels and vault maps discovered:
D:1:      dpeg_arrival_brainrot, layout_basic
D:2:      layout_rooms, chequers_ecumenical_altar_twisty
D:3:      layout_loops_ring
D:4:      layout_basic, minivault_14
D:5:      layout_gridville
D:6:      kennysheep_housing_project, layout_basic,
          minmay_temple_entry_statues_pillars, basic_altar
D:7:      wander_river, layout_rooms, gammafunk_ghost_arena
D:8:      layout_cave_pools, zin_academy, david_lair_shrubbed, serial_shops,
          kennysheep_mini_moat, uniq_pikel, uniq_grum
D:9:      layout_basic
Temple:   minmay_crystal_snake_temple
Lair:1:   lemuel_reptile_caves, layout_cave_shapes, disabler_island,
          minmay_lair_oklob_chamber

Skill      XL: |  1  2  3  4  5  6  7  8  9 10 |
---------------+-------------------------------+-----
Axes           | 4 5 6 7 8 10 11 12 13 | 13.5
Armour         | 1 2 3 4 6 7 8 9 |  9.3
Fighting       | 4 6 7 |  7.3
Invocations    | 1 4 5 |  5.0
Slings         | 3 |  3.8
Throwing       | |  2.0
Dodging        | |  3.2

Action                   |  1- 3 |  4- 6 |  7- 9 | 10-12 || total
-------------------------+-------+-------+-------+-------++-------
Melee: War axe           |    66 |   135 |   210 |       ||   411
       Headbutt          |    12 |    26 |    70 |    24 ||   132
       Flail             |       |       |   173 |   110 ||   283
  Use: Scroll            |     9 |     5 |     1 |     5 ||    20
Armor: Leather armour    |    20 |       |       |       ||    20
       Ring mail         |    11 |    16 |       |       ||    27
       Scale mail        |       |     1 |       |       ||     1
       Chain mail        |       |    14 |   190 |    52 ||   256
Dodge: Dodged            |    52 |   100 |   254 |    82 ||   488
